NWL (28 & UNDER)
BALZAC RAMS @ BISMARCK BARONS
05/18/2027
 
TOP OF THE 1ST
Balzac Rams batting - Pitching for Bismarck Barons : RHP Ray Johnston
Pitching: RHP Ray Johnston
Batting: RHB Luis Suárez 0-0: Called Strike
0-1: Foul Ball, location: 2F
0-2: Strikes out swinging
Batting: RHB Brian Parks 0-0: Swinging Strike
0-1: Ball
1-1: Swinging Strike
1-2: Ball
2-2: Ball
3-2: Strikes out swinging
Batting: LHB Fernando Cruz 0-0: Ground out 4-3 (Groundball, 4)
Top of the 1st over - 0 run(s), 0 hit(s), 0 error(s), 0 left on base; Balzac 0 - Bismarck 0
BOTTOM OF THE 1ST
Bismarck Barons batting - Pitching for Balzac Rams : RHP Fernando Guzmán
Pitching: RHP Fernando Guzmán
Batting: SHB Álex Hernández 0-0: Ball
1-0: Foul Ball, location: 2F
1-1: Ball
2-1: Swinging Strike
2-2: Foul Ball, location: 2F
2-2: Strikes out swinging
Batting: LHB John Frost 0-0: Called Strike
0-1: Foul Ball, location: 2F
0-2: Ball
1-2: Fly out, F8 (Flyball, 78D)
Batting: RHB Seiji Kouno 0-0: Ball
1-0: Ball
2-0: Foul Ball, location: 2F
2-1: Swinging Strike
2-2: Foul Ball, location: 2F
2-2: Ground out 6-3 (Groundball, 6)
Bottom of the 1st over - 0 run(s), 0 hit(s), 0 error(s), 0 left on base; Balzac 0 - Bismarck 0
TOP OF THE 2ND
Balzac Rams batting - Pitching for Bismarck Barons : RHP Ray Johnston
Batting: LHB Daniel Carter 0-0: Ball
1-0: Ball
2-0: Called Strike
2-1: Foul Ball, location: 2F
2-2: Ball
3-2: Base on Balls
Batting: RHB Jeff Stevenson 0-0: Ball
1-0: Called Strike
1-1: Ball
2-1: DOUBLE (Line Drive, 9LM)
Daniel Carter to third
Batting: RHB James Tucker 0-0: Foul Ball, location: 2F
0-1: Swinging Strike
0-2: Strikes out swinging
Batting: RHB Félix Quintero 0-0: Swinging Strike
0-1: Ball
1-1: Foul Ball, location: 2F
1-2: SINGLE (Line Drive, 4M)
Daniel Carter scores
Jeff Stevenson to third
Runner from 3rd tries for Home, SAFE, no throw
Batting: RHB Enrique Castillo 0-0: Called Strike
0-1: Swinging Strike
0-2: Foul Ball, location: 2F
0-2: Strikes out looking
Batting: RHB Octávio Aldeguer 0-0: Foul Ball, location: 2F
0-1: Ball
1-1: Fly out, F6 (Popup, 6)
Top of the 2nd over - 2 run(s), 2 hit(s), 0 error(s), 1 left on base; Balzac 2 - Bismarck 0
BOTTOM OF THE 2ND
Bismarck Barons batting - Pitching for Balzac Rams : RHP Fernando Guzmán
Batting: LHB Pedro Díaz 0-0: Ball
1-0: Foul Ball, location: 2F
1-1: Swinging Strike
1-2: Ball
2-2: Ground out 1-3 (Groundball, 13S)
Batting: RHB Michael Thomas 0-0: Ball
1-0: Called Strike
1-1: Called Strike
1-2: Ball
2-2: SINGLE (Groundball, 34D)
Batting: RHB Roberto García 0-0: Ball
1-0: Called Strike
1-1: Ball
2-1: Ball
3-1: Swinging Strike
3-2: Strikes out swinging
Michael Thomas is caught stealing 2nd base
Batter strikes out.
Bottom of the 2nd over - 0 run(s), 1 hit(s), 0 error(s), 0 left on base; Balzac 2 - Bismarck 0
TOP OF THE 3RD
Balzac Rams batting - Pitching for Bismarck Barons : RHP Ray Johnston
Batting: RHB Luis Suárez 0-0: Called Strike
0-1: Ground out 4-3 (Groundball, 4)
Batting: RHB Brian Parks 0-0: Ball
1-0: Called Strike
1-1: Called Strike
1-2: Strikes out swinging
Batting: LHB Fernando Cruz 0-0: Ball
1-0: Ground out U3 (Groundball, 34)
Top of the 3rd over - 0 run(s), 0 hit(s), 0 error(s), 0 left on base; Balzac 2 - Bismarck 0
BOTTOM OF THE 3RD
Bismarck Barons batting - Pitching for Balzac Rams : RHP Fernando Guzmán
Batting: SHB Jeff Chambers 0-0: Foul Ball, location: 2F
0-1: Ball
1-1: Foul Ball, location: 2F
1-2: Foul Ball, location: 2F
1-2: Strikes out swinging
Batting: RHB Jon Krohne 0-0: Called Strike
0-1: Foul Ball, location: 2F
0-2: Ball
1-2: Ball
2-2: Strikes out swinging
Batting: LHB Jorge Fernández 0-0: Foul Ball, location: 2F
0-1: Swinging Strike
0-2: Strikes out swinging
Bottom of the 3rd over - 0 run(s), 0 hit(s), 0 error(s), 0 left on base; Balzac 2 - Bismarck 0
TOP OF THE 4TH
Balzac Rams batting - Pitching for Bismarck Barons : RHP Ray Johnston
Batting: LHB Daniel Carter 0-0: Called Strike
0-1: Ground out U3 (Groundball, 34)
Batting: RHB Jeff Stevenson 0-0: Ground out 6-3 (Groundball, 6)
Batting: RHB James Tucker 0-0: Called Strike
0-1: Ball
1-1: Swinging Strike
1-2: Ball
2-2: SOLO HOME RUN (Flyball, 7D), Distance : 356 ft
Batting: RHB Félix Quintero 0-0: Called Strike
0-1: Ball
1-1: Foul Ball, location: 2F
1-2: Strikes out looking
Top of the 4th over - 1 run(s), 1 hit(s), 0 error(s), 0 left on base; Balzac 3 - Bismarck 0
BOTTOM OF THE 4TH
Bismarck Barons batting - Pitching for Balzac Rams : RHP Fernando Guzmán
Batting: SHB Álex Hernández 0-0: Called Strike
0-1: Called Strike
0-2: SINGLE (Flyball, 7LS)
Batting: LHB John Frost 0-0: Ball
1-0: Ball
2-0: Ball
3-0: Base on Balls
Álex Hernández to second
Batting: RHB Seiji Kouno 0-0: Foul Ball, location: 2F
0-1: Ball
1-1: Grounds into double play, 6-4-3 (Groundball, 56)
Álex Hernández to third
Batting: LHB Pedro Díaz 0-0: Called Strike
0-1: Swinging Strike
0-2: Strikes out looking
Bottom of the 4th over - 0 run(s), 1 hit(s), 0 error(s), 1 left on base; Balzac 3 - Bismarck 0
TOP OF THE 5TH
Balzac Rams batting - Pitching for Bismarck Barons : RHP Ray Johnston
Batting: RHB Enrique Castillo 0-0: SINGLE (Groundball, 6D)
Batting: RHB Octávio Aldeguer 0-0: Ball
1-0: Ball
2-0: Ball
3-0: Called Strike
3-1: Foul Ball, location: 2F
3-2: Fly out, F7 (Flyball, 7LMF)
Batting: RHB Luis Suárez 0-0: Called Strike
0-1: Ball
1-1: Ball
2-1: Foul Ball, location: 2F
2-2: Foul Ball, location: 2F
2-2: Ball
3-2: Foul Ball, location: 2F
3-2: Strikes out swinging
Enrique Castillo is caught stealing 2nd base
Batter strikes out.
Top of the 5th over - 0 run(s), 1 hit(s), 0 error(s), 0 left on base; Balzac 3 - Bismarck 0
BOTTOM OF THE 5TH
Bismarck Barons batting - Pitching for Balzac Rams : RHP Fernando Guzmán
Batting: RHB Michael Thomas 0-0: Fly out, F7 (Flyball, 78S)
Batting: RHB Roberto García 0-0: Fly out, F8 (Line Drive, 8RD)
Batting: SHB Jeff Chambers 0-0: Foul Ball, location: 2F
0-1: Ball
1-1: Reached on error, E4 (Groundball, 4)
Batting: RHB Jon Krohne 0-0: Ball
1-0: Ball
2-0: Called Strike
2-1: Foul Ball, location: 2F
2-2: Fly out, F8 (Line Drive, 78XD)
Bottom of the 5th over - 0 run(s), 0 hit(s), 1 error(s), 1 left on base; Balzac 3 - Bismarck 0
TOP OF THE 6TH
Balzac Rams batting - Pitching for Bismarck Barons : RHP Ray Johnston
Batting: RHB Brian Parks 0-0: Swinging Strike
0-1: Fly out, F6 (Popup, 6D)
Batting: LHB Fernando Cruz 0-0: Called Strike
0-1: Swinging Strike
0-2: Foul Ball, location: 2F
0-2: Ball
1-2: SINGLE (Groundball, 34D)
Batting: LHB Daniel Carter 0-0: Ball
1-0: Foul Ball, location: 2F
1-1: Foul Ball, location: 2F
1-2: Ball
2-2: Ball
3-2: Base on Balls
Fernando Cruz to second
Batting: RHB Jeff Stevenson 0-0: Called Strike
0-1: Fly out, F7 (Flyball, 78M)
Batting: RHB James Tucker 0-0: Called Strike
0-1: Foul Ball, location: 2F
0-2: Ball
1-2: Ball
2-2: Ball
3-2: Strikes out swinging
Top of the 6th over - 0 run(s), 1 hit(s), 0 error(s), 2 left on base; Balzac 3 - Bismarck 0
BOTTOM OF THE 6TH
Bismarck Barons batting - Pitching for Balzac Rams : RHP Fernando Guzmán
Batting: LHB Jorge Fernández 0-0: Ball
1-0: Foul Ball, location: 2F
1-1: Called Strike
1-2: Foul Ball, location: 2F
1-2: Ball
2-2: SINGLE (Groundball, 4MD)
Batting: SHB Álex Hernández 0-0: SINGLE (Line Drive, 89S)
Jorge Fernández to second
Batting: LHB John Frost 0-0: Called Strike
0-1: Foul Ball, location: 2F
0-2: Strikes out swinging
Batting: RHB Seiji Kouno 0-0: Called Strike
0-1: Foul Ball, location: 2F
0-2: Ball
1-2: Ball
2-2: Strikes out swinging
Batting: LHB Pedro Díaz 0-0: Ball
1-0: Reached via error on a dropped throw, E1
Jorge Fernández to third
Álex Hernández to second
Batting: RHB Michael Thomas 0-0: Ball
1-0: Called Strike
1-1: Foul Ball, location: 2F
1-2: Ball
2-2: Strikes out swinging
Bottom of the 6th over - 0 run(s), 2 hit(s), 1 error(s), 3 left on base; Balzac 3 - Bismarck 0
TOP OF THE 7TH
Balzac Rams batting - Pitching for Bismarck Barons : RHP Ray Johnston
Pitching: LHP Christiano Gomes
Batting: RHB Félix Quintero 0-0: Foul Ball, location: 2F
0-1: Foul Ball, location: 2F
0-2: Ball
1-2: Ball
2-2: Foul Ball, location: 2F
2-2: Ball
3-2: SOLO HOME RUN (Flyball, 8LXD), Distance : 414 ft
Batting: RHB Enrique Castillo 0-0: Foul Ball, location: 2F
0-1: Foul Ball, location: 2F
0-2: Foul Ball, location: 2F
0-2: Strikes out looking
Batting: RHB Octávio Aldeguer 0-0: Swinging Strike
0-1: Ball
1-1: Foul Ball, location: 2F
1-2: Foul Ball, location: 2F
1-2: Strikes out looking
Batting: RHB Luis Suárez 0-0: Called Strike
0-1: Called Strike
0-2: Ball
1-2: Strikes out swinging
Top of the 7th over - 1 run(s), 1 hit(s), 0 error(s), 0 left on base; Balzac 4 - Bismarck 0
BOTTOM OF THE 7TH
Bismarck Barons batting - Pitching for Balzac Rams : RHP Fernando Guzmán
Batting: RHB Roberto García 0-0: SINGLE (Groundball, 56D)
Batting: SHB Jeff Chambers 0-0: Ball
1-0: Fielders Choice at 2nd, 1-6 (Groundball, 13)
Batting: RHB Jon Krohne 0-0: Called Strike
Jeff Chambers is caught stealing 2nd base
0-1: SOLO HOME RUN (Flyball, 78XD), Distance : 375 ft
Batting: LHB Jorge Fernández 0-0: Ball
1-0: Called Strike
1-1: Ball
2-1: Ball
3-1: Ground out 6-3 (Groundball, 6)
Bottom of the 7th over - 1 run(s), 2 hit(s), 0 error(s), 0 left on base; Balzac 4 - Bismarck 1
TOP OF THE 8TH
Balzac Rams batting - Pitching for Bismarck Barons : LHP Christiano Gomes
Batting: RHB Brian Parks 0-0: Ball
1-0: Ball
2-0: Ball
3-0: Base on Balls
Batting: LHB Fernando Cruz 0-0: Ball
1-0: Ball
2-0: Swinging Strike
2-1: Ball
3-1: SINGLE (Flyball, 9S)
Brian Parks to second
Runner from 2nd tries for 3rd, SAFE, throw made to third
Batting: LHB Daniel Carter 0-0: Foul Ball, location: 2F
0-1: Ball
1-1: Called Strike
1-2: Foul Ball, location: 2F
1-2: Ball
2-2: Ball
3-2: SINGLE (Flyball, 8LS)
Brian Parks scores
Fernando Cruz to second
Batting: RHB Jeff Stevenson 0-0: Ball
1-0: Ball
2-0: Called Strike
2-1: Ball
3-1: Base on Balls
Fernando Cruz to third
Daniel Carter to second
Batting: RHB James Tucker 0-0: Foul Ball, location: 2F
0-1: Ball
1-1: Ball
2-1: Grounds into fielders choice 1-2 (Groundball, P)
Daniel Carter to third
Jeff Stevenson to second
Batting: RHB Félix Quintero 0-0: Called Strike
0-1: Ball
1-1: Called Strike
1-2: Single, Error in OF, E9, batter to second base
Daniel Carter scores
Jeff Stevenson scores
James Tucker to third
Pitching: RHP Edgar Villa
Batting: RHB Enrique Castillo 0-0: Ball
1-0: Called Strike
1-1: Ball
2-1: Called Strike
2-2: Foul Ball, location: 2F
2-2: DOUBLE (Flyball, 89M)
James Tucker scores
Félix Quintero scores
Batting: RHB Octávio Aldeguer 0-0: Ball
1-0: Called Strike
1-1: Ball
2-1: Foul Ball, location: 2F
2-2: Strikes out looking
Batting: RHB Luis Suárez 0-0: Fly out, F3 (Flyball, 3D)
Top of the 8th over - 5 run(s), 4 hit(s), 1 error(s), 1 left on base; Balzac 9 - Bismarck 1
BOTTOM OF THE 8TH
Bismarck Barons batting - Pitching for Balzac Rams : RHP Fernando Guzmán
Pitching: RHP David Elías
Batting: SHB Álex Hernández 0-0: Ground out 6-3 (Groundball, 6)
Batting: LHB John Frost 0-0: Swinging Strike
0-1: Called Strike
0-2: Ball
1-2: SINGLE (Line Drive, 34D)
Batting: RHB Seiji Kouno 0-0: Foul Ball, location: 2F
0-1: Ball
1-1: Ball
2-1: Grounds into double play, 3-6-4 (Groundball, 34)
Bottom of the 8th over - 0 run(s), 1 hit(s), 0 error(s), 0 left on base; Balzac 9 - Bismarck 1
TOP OF THE 9TH
Balzac Rams batting - Pitching for Bismarck Barons : RHP Edgar Villa
Batting: RHB Brian Parks 0-0: Fly out, F9 (Flyball, 89M)
Batting: LHB Fernando Cruz 0-0: Foul Ball, location: 2F
0-1: Ball
1-1: Called Strike
1-2: Foul Ball, location: 2F
1-2: Ball
2-2: Ground out 6-3 (Groundball, 6)
Batting: LHB Daniel Carter 0-0: Ball
1-0: Foul Ball, location: 2F
1-1: Swinging Strike
1-2: Foul Ball, location: 2F
1-2: Foul Ball, location: 2F
1-2: Ball
2-2: SOLO HOME RUN (Flyball, 8LXD), Distance : 404 ft
Batting: RHB Jeff Stevenson 0-0: Called Strike
0-1: Swinging Strike
0-2: Strikes out swinging
Top of the 9th over - 1 run(s), 1 hit(s), 0 error(s), 0 left on base; Balzac 10 - Bismarck 1
BOTTOM OF THE 9TH
Bismarck Barons batting - Pitching for Balzac Rams : RHP David Elías
Batting: LHB Pedro Díaz 0-0: Ball
1-0: Ball
2-0: Ball
3-0: Base on Balls
Batting: RHB Michael Thomas 0-0: Foul Ball, location: 2F
0-1: Swinging Strike
0-2: Fielders Choice at 2nd, 6-4 (Groundball, 6)
Batting: RHB Roberto García 0-0: Called Strike
0-1: Ball
1-1: Ball
2-1: Foul Ball, location: 2F
2-2: Ball
3-2: Fly out, F7 (Flyball, 7)
Batting: SHB Jeff Chambers 0-0: Called Strike
0-1: Foul Ball, location: 2F
0-2: Ball
1-2: Ball
2-2: SINGLE (Line Drive, 8RS)
Michael Thomas to second
Batting: RHB Jon Krohne 0-0: Swinging Strike
0-1: Ball
1-1: Called Strike
1-2: Strikes out swinging
Bottom of the 9th over - 0 run(s), 1 hit(s), 0 error(s), 2 left on base; Balzac 10 - Bismarck 1
Thursday, March 30th, 2017 - OOTP Baseball 17.12 Build 75